 Seeded DCSS version 0.29.1-12-g30fa7ad0bf (webtiles) character file.

Game seed: 1 (custom seed)

23589 Kazon the Carver (level 13, -4/102 HPs)
             Began as a Barachi Berserker on Dec 12, 2022.
             Was an Elder of Trog.
             Slain by a death yak (22 damage)
             ... on level 2 of the Lair of Beasts on Dec 13, 2022.
             The game lasted 01:00:40 (10575 turns).

Kazon the Carver (Barachi Berserker)               Turns: 10575, Time: 01:00:40

Health: -4/102     AC:  9    Str: 20    XL:     13   Next: 7%
Magic:  13/13      EV: 16    Int:  9    God:    Trog [****..]
Gold:   33         SH: 10    Dex: 18    Spells: 12/12 levels left

rFire   + + +      SeeInvis .   f - +13 Maxwell's thermic engine {flame, freeze}
rCold   + + .      Faith    .   c - +4 buckler of the Ego {rElec rPois rF+ Int-2}
rNeg    . . .      Spirit   .   R - +0 troll leather armour
rPois   +          Reflect  .   j - +0 helmet
rElec   +          Harm     .   L - scarf {rC+ rF+}
rCorr   .          Rampage  .   (no gloves)
Will    ++...                   l - +2 pair of boots
Stlth   +++++.....              U - amulet "Odemouw" {Contam rPois rF+++ Regen+ Stlth+}
HPRegen 2.87/turn               a - ring of protection from cold
MPRegen 0.13/turn               T - +6 ring of dexterity

@: strong-willed, regenerating, invisible, slow
A: amphibious, slowness 1, strong legs 2, +LOS
a: Hop, Renounce Religion, Berserk, Trog's Hand, Brothers in Arms


You were on level 2 of the Lair of Beasts.
You worshipped Trog.
Trog was greatly pleased with you.
You visited 2 branches of the dungeon, and saw 15 of its levels.

You collected 993 gold pieces.
You spent 960 gold pieces at shops.

Inventory:

Hand Weapons
 e - a +2 dagger of venom
 f - the +13 Maxwell's thermic engine (weapon) {flame, freeze}
   (You found it on level 1 of the Lair of Beasts)

   It burns those it strikes, dealing additional fire damage.
   Big, fiery blades are also staple armaments of hydra-hunters.
   It freezes those it strikes, dealing additional cold damage.
   It can also slow down cold-blooded creatures.
   It becomes more effective when it hits something.
   This effect fades over time.
 g - a +5 antimagic demon blade
 s - the +3 falchion of Winter {venom, rCorr}
   (You bought it in a shop on level 3 of the Dungeon)

   It poisons the flesh of those it strikes.
   rCorr:     It protects you from acid and corrosion.
Missiles
 h - 35 stones
 o - 20 boomerangs (quivered)
 r - a throwing net
 D - 4 curare-tipped darts
 G - 35 poisoned darts
Armour
 c - the +4 buckler of the Ego (worn) {rElec rPois rF+ Int-2}
   (You acquired it on level 1 of the Dungeon)

   Int:       It affects your intelligence (-2).
   rF:        It protects you from fire.
   rElec:     It insulates you from electricity.
   rPois:     It protects you from poison.
 j - a +0 helmet (worn)
 l - a +2 pair of boots (worn)
 L - a scarf of resistance (worn)
 R - a +0 troll leather armour (worn)
Jewellery
 a - a ring of protection from cold (left hand)
 A - a ring of protection from cold
 T - a +6 ring of dexterity (right hand)
 U - the amulet "Odemouw" (around neck) {Contam rPois rF+++ Regen+ Stlth+}
   (You bought it in a shop on level 8 of the Dungeon)

   [amulet of regeneration]

   rF:        It renders you almost immune to fire.
   rPois:     It protects you from poison.
   Contam:    It causes magical contamination when unequipped.
   Regen:     It increases your rate of health regeneration.
   Stlth:     It makes you more stealthy.
Wands
 y - a wand of mindburst (20)
 B - a wand of flame (42)
 E - a wand of paralysis (19)
 K - a wand of roots (6)
 O - a wand of polymorph (11)
Scrolls
 i - a scroll of identify
 m - a scroll of immolation
 p - 2 scrolls of poison
 t - 4 scrolls of teleportation
 v - a scroll of magic mapping
 w - 2 scrolls of noise {unknown}
 x - 4 scrolls of fog {unknown}
 z - 3 scrolls of enchant weapon {unknown}
 C - a scroll of enchant armour {unknown}
 H - 3 scrolls of fear
 M - a scroll of summoning
 Q - a scroll of vulnerability {unknown}
Potions
 b - 2 potions of cancellation
 k - a potion of invisibility
 n - 2 potions of haste
 q - a potion of heal wounds {unknown}
 u - 6 potions of lignification
 I - 2 potions of might
 J - 2 potions of curing
 S - 2 potions of flight
Miscellaneous
 N - a condenser vane
 P - a phial of floods


   Skills:
 + Level 9.7 Fighting
 + Level 5.1(9.0) Short Blades
 + Level 12.5(13.0) Long Blades
 + Level 6.2 Throwing
 + Level 6.3 Armour
 + Level 8.4 Dodging
 + Level 7.2 Stealth
 + Level 8.1 Shields
 * Level 10.2 Evocations


You had 12 spell levels left.
You didn't know any spells.
Your spell library was empty.

Dungeon Overview and Level Annotations

Branches:
Dungeon (12/15)            Temple (0/1) D:7            Lair (3/5) D:10
  Swamp: Lair:2-3    Shoals: Lair:2-3     Snake: Lair:2-3    Spider: Lair:2-3
    Orc: D:9-12

Altars:
Elyvilon
Hepliaklqana
Uskayaw

Shops:
D:3 (   D:8 ?(==   D:10 :


Innate Abilities, Weirdness & Mutations

You are amphibious.
You cover ground slowly.
You can hop long distances.
You have an extended range of vision and can be seen from far away.


Message History

The death yak barely misses you. x2
You hit the death yak. You burn the death yak. You freeze the death yak.
The death yak is lightly wounded.
The death yak gores you! The death yak misses you.
You hit the death yak but do no damage. You freeze the death yak.
The death yak is lightly wounded.
The death yak gores you! The death yak misses you.
You slash the death yak! You burn the death yak. You freeze the death yak.
The death yak is heavily wounded.
The death yak gores you!!
* * * LOW HITPOINT WARNING * * *
The death yak gores you!
* * * LOW HITPOINT WARNING * * *
You hit the death yak. You burn the death yak. You freeze the death yak.
The death yak is heavily wounded.
The death yak barely misses you. You block the death yak's attack.
You hit the death yak but do no damage. You freeze the death yak.
The death yak is heavily wounded.
You slice the death yak!! You burn the death yak!
You kill the death yak!
Trog accepts your kill. The death yak gores you!!
* * * LOW HITPOINT WARNING * * *
Okay, then.
Unknown command.
It was a potion of invisibility.
You fade into invisibility!
You block the death yak's attack.
Your skin crawls.
You feel strong-willed. You block the death yak's attack.
You slash the death yak! You burn the death yak. You freeze the death yak.
The death yak is lightly wounded.
The death yak closely misses you.
You slice the death yak!! You burn the death yak. You freeze the death yak.
The death yak is heavily wounded.
You hit the death yak. You burn the death yak. You freeze the death yak.
The death yak is heavily wounded.
The death yak gores you!!
You die...

##....# ##......~~≈≈#..
##...P###...#..#.~~#~..
##....##.##..#..........
###.............#.###.##.#
#...........#....#######..
###..............##.......
##................Y......
#...>...††..#....#.......
##......@†.#....####...#.
##P....YP##.....##......
#...............#......
##..............#......
##..........<...#......
#......................
##...#####....#........
#....# #......#......
###.## #P.....#......


You could see a death yak (unable to see you).

Vanquished Creatures
  Fannar (Lair:2)
  Erolcha (D:10)
  A catoblepas (Lair:2)
  A two-headed ogre (D:9)
  A death yak (Lair:2)
  An ugly thing (D:11)
  3 black mambas
  3 cane toads
  Maggie (D:6)
  4 kobold demonologists (D:11)
  8 komodo dragons
  3 trolls
  Prince Ribbit (D:9)
  9 blink frogs
  2 shadows
  A vampire (D:10)
  30 yaks
  2 wyverns
  Eustachio (D:5)
  2 steam dragons
  A basilisk (Lair:2)
  Menkaure (D:5)
  Edmund (D:6)
  2 acid dragons
  5 water moccasins
  5 orc warriors
  An ice beast (D:8)
  5 sky beasts
  2 black bears (D:6)
  5 centaurs
  An ogre (D:6)
  A wolf (D:10)
  2 phantoms (D:6)
  3 kobold brigands
  3 necrophages
  3 bullfrogs
  A gnoll sergeant (D:7)
  5 scorpions
  21 wights
  3 killer bees (D:10)
  2 electric eels
  A howler monkey (D:5)
  2 jellies (D:6)
  6 hounds
  7 orc priests
  A gnoll bouda (D:7)
  6 iguanas
  4 orc wizards
  Robin (D:3)
  15 gnolls
  13 adders
  3 shadow imps
  2 white imps (D:7)
  An ufetubus (D:5)
  3 worms
  37 orcs
  11 endoplasms
  A giant cockroach (D:1)
  16 goblins
  9 hobgoblins
  A jackal (D:4)
  27 kobolds
  A quokka (D:1)
  5 ball pythons
  4 bats
  3 frilled lizards
  5 rats
334 creatures vanquished.

Vanquished Creatures (collateral kills)
  A cane toad (Lair:2)
  A blink frog (Lair:2)
  An electric eel (Lair:2)
3 creatures vanquished.

Vanquished Creatures (others)
  A bullfrog (Lair:2)
  A quokka (D:7)
  8 fungi
  11 plants
21 creatures vanquished.

Grand Total: 358 creatures vanquished

Notes
Turn   | Place    | Note
-------+----------+-------------------------------------------
     0 | D:1      | Kazon the Barachi Berserker began the quest for the Orb.
     0 | D:1      | Reached XP level 1. HP: 18/18 MP: 1/1
    29 | D:1      | Identified a scroll of acquirement
    29 | D:1      | Acquired the +4 buckler of the Ego {rElec rPois rF+ Int-2}
   100 | D:1      | Reached skill level 4 in Long Blades
   121 | D:1      | Reached XP level 2. HP: 10/25 MP: 2/2
   616 | D:2      | Reached XP level 3. HP: 27/30 MP: 3/3
   974 | D:2      | Reached ** piety under Trog
   995 | D:2      | Reached skill level 1 in Throwing
  1002 | D:2      | Reached skill level 1 in Short Blades
  1002 | D:2      | Reached XP level 4. HP: 17/37 MP: 4/4
  1218 | D:3      | Found Umat's Antique Weapon Boutique.
  1246 | D:3      | Bought a crude falchion for 184 gold pieces
  1246 | D:3      | Identified the +3 falchion of Winter {venom, rCorr} (You
                  | bought it in a shop on level 3 of the Dungeon)
  1438 | D:3      | Reached skill level 5 in Long Blades
  1438 | D:3      | Reached skill level 1 in Shields
  1438 | D:3      | Reached XP level 5. HP: 32/42 MP: 5/5
  1473 | D:3      | Noticed Robin
  1504 | D:3      | Killed Robin
  1685 | D:3      | Reached skill level 7 in Long Blades
  1685 | D:3      | Reached skill level 5 in Armour
  1685 | D:3      | Reached skill level 5 in Dodging
  1685 | D:3      | Reached XP level 6. HP: 51/51 MP: 6/6
  1981 | D:4      | Reached XP level 7. HP: 59/59 MP: 7/7
  2559 | D:4      | Found a hazy altar of Hepliaklqana.
  2745 | D:5      | Entered Level 5 of the Dungeon
  2765 | D:5      | Reached *** piety under Trog
  3005 | D:5      | Noticed Eustachio
  3030 | D:5      | Killed Eustachio
  3031 | D:5      | Reached XP level 8. HP: 41/67 MP: 8/8
  3067 | D:5      | Reached skill level 1 in Evocations
  3196 | D:5      | Noticed Menkaure
  3204 | D:5      | Reached skill level 5 in Shields
  3206 | D:5      | Killed Menkaure
  3236 | D:5      | Reached skill level 5 in Stealth
  3462 | D:5      | Reached skill level 5 in Short Blades
  3462 | D:5      | Reached skill level 8 in Long Blades
  3582 | D:6      | Reached XP level 9. HP: 60/72 MP: 9/9
  3811 | D:6      | Noticed Maggie
  3835 | D:6      | Killed Maggie
  3835 | D:6      | Reached **** piety under Trog
  4188 | D:6      | Noticed Edmund
  4197 | D:6      | Killed Edmund
  4198 | D:6      | Reached skill level 5 in Throwing
  4285 | D:6      | Reached XP level 10. HP: 62/79 MP: 10/10
  4575 | D:7      | Reached skill level 9 in Long Blades
  4629 | D:7      | Found a white marble altar of Elyvilon.
  4641 | D:7      | Reached skill level 5 in Evocations
  4929 | D:7      | Found a staircase to the Ecumenical Temple.
  4969 | D:7      | Found a hide-covered altar of Uskayaw.
  5217 | D:8      | Found Quzidd's Magic Scroll Emporium.
  5234 | D:8      | Bought a scroll of teleportation for 42 gold pieces
  5341 | D:8      | Found Esumer's Weapon Shop.
  5516 | D:8      | Found Zoxtaeshakh's Jewellery Boutique.
  5571 | D:8      | Found Heidghoki's Jewellery Shop.
  5808 | D:8      | Reached ***** piety under Trog
  6066 | D:9      | Noticed Prince Ribbit
  6085 | D:9      | Killed Prince Ribbit
  6439 | D:9      | Reached skill level 10 in Long Blades
  6682 | D:9      | Noticed a two-headed ogre
  6696 | D:9      | Killed a two-headed ogre
  6697 | D:9      | Reached XP level 11. HP: 82/86 MP: 11/11
  6835 | D:10     | Entered Level 10 of the Dungeon
  6917 | D:10     | Found a staircase to the Lair.
  7004 | D:10     | Noticed Erolcha
  7012 | D:10     | Killed Erolcha
  7047 | D:10     | Identified the +5 long sword of the Land of Plenty {drain,
                  | Dex+3}
  7050 | D:10     | Found Juagoaq's Book Shoppe.
  7089 | D:10     | Received a gift from Trog
  7876 | D:11     | Noticed a green ugly thing
  7883 | D:11     | Killed a green ugly thing
  8133 | D:11     | Noticed a sun demon
  8140 | D:11     | Reached XP level 12. HP: 55/94 MP: 12/12
  8354 | D:11     | Reached skill level 11 in Long Blades
  8750 | Lair:1   | Entered Level 1 of the Lair of Beasts
  8947 | Lair:1   | Found the +2 Maxwell's thermic engine {flame, freeze}
  9593 | Lair:2   | Noticed Fannar
  9622 | Lair:2   | Noticed a catoblepas
  9648 | Lair:2   | Killed Fannar
  9653 | Lair:2   | Killed a catoblepas
  9747 | Lair:2   | Reached skill level 12 in Long Blades
 10033 | D:8      | Bought the amulet "Odemouw" {Contam rPois rF+++ Regen+
                  | Stlth+} for 734 gold pieces
 10414 | Lair:2   | Reached skill level 10 in Evocations
 10542 | Lair:3   | Noticed a death yak
 10542 | Lair:3   | Noticed a death yak
 10545 | Lair:3   | Gained mutation: You can hop long distances. [Barachi
                  | growth]
 10545 | Lair:3   | Reached XP level 13. HP: 101/101 MP: 13/13
 10570 | Lair:2   | HP: 5/101 [death yak (21)]
 10575 | Lair:2   | Slain by a death yak

Illustrated notes

Levels and vault maps discovered:
D:1:      dpeg_arrival_three_smaller_balls, layout_basic
D:2:      layout_loops_ring
D:3:      layout_basic, serial_shops, nicolae_shop_stone, st_stairs_9,
          minmay_misc_feat_doors, eino_curves_03, uniq_robin
D:4:      minmay_wonky_spiral, layout_basic,
          mainiacjoe_overflow_surrounded_room, minivault_5
D:5:      layout_cave_pods, uniq_menkaure, uniq_eustachio
D:6:      cheibrodos_barr_body, layout_basic, minmay_crystal_room,
          minmay_pentangle, uniq_maggie, uniq_edmund
D:7:      layout_cave_pools, nicolae_uskayaw_murder_on_the_dancefloor,
          elyvilon_altar_4, minmay_temple_entry_purple_smoke
D:8:      layout_basic, serial_shops, shop_statue, kennysheep_little_box, shop,
          nicolae_shop_window_shopping
D:9:      layout_cave_pools, uniq_prince_ribbit1
D:10:     layout_stronghold, erik_lair_island, serial_shops,
          nicolae_shop_statue_plus, uniq_erolcha
D:11:     layout_roguey
D:12:     layout_loops_ring, orc_0_dummy, chequers_serial_rivers_marsh,
          uniq_lodul, uniq_nessos, uniq_rupert
Lair:1:   layout_long_grid, fungi_pond_lemuel, cheibrodos_lair_reptile_den
Lair:2:   layout_gridlike, uniq_fannar
Lair:3:   layout_roguey, minmay_shoals_entry_hut,
          nicolae_spider_entry_non_spiders, basic_altar, serial_bayou_crossing

Skill      XL: |  1  2  3  4  5  6  7  8  9 10 11 12 |
---------------+-------------------------------------+-----
Long Blades    | 4 5 7 8 10 12 | 12.5
Throwing       | 1 4 5 6 |  6.2
Short Blades   | 1 4 5 |  5.1
Fighting       | 4 6 7 8 9 |  9.7
Shields        | 1 4 5 6 7 8 |  8.1
Dodging        | 5 6 7 8 |  8.4
Armour         | 5 6 |  6.3
Stealth        | 3 4 5 6 7 |  7.2
Evocations     | 2 4 6 8 10 | 10.2

Action                   |  1- 3 |  4- 6 |  7- 9 | 10-12 | 13-15 || total
-------------------------+-------+-------+-------+-------+-------++-------
Melee: Falchion          |    82 |    91 |   272 |   745 |       ||  1190
       Dagger            |    21 |    16 |    26 |    56 |       ||   119
       Demon blade       |       |       |       |    17 |       ||    17
       Double sword      |       |       |       |    40 |    22 ||    62
Throw: Stone             |       |     6 |    40 |    61 |       ||   107
       Boomerang         |       |       |     9 |    43 |     1 ||    53
       Dart              |       |       |     1 |    16 |       ||    17
Invok: Trog's Hand       |     1 |       |     1 |     5 |     1 ||     8
       Berserk           |       |     1 |       |    13 |       ||    14
       Brothers in Arms  |       |       |       |     2 |       ||     2
 Abil: Hop               |     1 |       |       |       |       ||     1
Evoke: Wand              |       |       |       |     8 |       ||     8
  Use: Scroll            |     1 |       |     2 |    13 |       ||    16
       Potion            |       |     1 |     4 |     1 |     1 ||     7
 Stab: Sleeping          |       |     3 |    10 |    10 |       ||    23
       Distracted        |       |       |     1 |       |       ||     1
       Paralysed         |       |       |       |    15 |       ||    15
       Petrified         |       |       |       |     5 |       ||     5
Armor: Animal skin       |    13 |    24 |    12 |       |       ||    49
       Leather armour    |       |       |    40 |   122 |       ||   162
       Troll leather arm |       |       |       |    26 |     3 ||    29
Dodge: Dodged            |    43 |    60 |   117 |   342 |    16 ||   578
Block: Buckler           |    31 |    45 |   109 |   274 |    14 ||   473
